 Dungeon Crawl Stone Soup version 0.30-a0-422-g946f4849ff (webtiles) character file.

Game seed: 16595123554741722215

82 pokeman the Magician (level 4, 0/25 HPs)
             Began as a Deep Elf Hedge Wizard on Dec 8, 2022.
             Killed by nerve-wracking pain
             ... invoked by Grinder
              (7 damage)
             ... while paralysed by Grinder
             ... on level 3 of the Dungeon.
             The game lasted 00:04:50 (2868 turns).

pokeman the Magician (Deep Elf Hedge Wizard)        Turns: 2868, Time: 00:04:50

Health: 0/25       AC:  4    Str:  7    XL:     4   Next: 21%
Magic:  7/13       EV:  2    Int: 21    God:
Gold:   212        SH:  0    Dex: 14    Spells: 6/14 levels left

rFire   . . .      SeeInvis .    o - +2 sling (freeze)
rCold   + + .      Faith    .    (no shield)
rNeg    . . .      Spirit   .    n - +1 leather armour {rC+}
rPois   .          Reflect  .    c - +0 hat
rElec   .          Harm     .    (no cloak)
rCorr   .          Rampage  .    (no gloves)
Will    .....                    (no boots)
Stlth   ++........               (no amulet)
HPRegen 0.24/turn                a - ring of protection from cold
MPRegen 0.13/turn                (no ring)

@: paralysed, very slightly contaminated
A: no striking features
a: no special abilities


You were on level 3 of the Dungeon.
You visited 1 branch of the dungeon, and saw 4 of its levels.

You collected 212 gold pieces.

Inventory:

Hand Weapons
 o - a +2 sling of freezing (weapon)
Armour
 c - a +0 hat (worn)
 n - a +1 leather armour of cold resistance (worn)
Magical Staves
 t - a staff of fire
Jewellery
 a - a ring of protection from cold (left hand)
Scrolls
 h - 2 scrolls of blinking {unknown}
 k - a scroll of enchant weapon {unknown}
 l - 5 scrolls of identify {unknown}
 q - a scroll of fog {unknown}
 r - a scroll of noise {unknown}
 u - a scroll of teleportation {unknown}
Potions
 b - 2 potions of heal wounds {unknown}
 d - 2 potions of magic
 e - a potion of might {unknown}
 f - 2 potions of ambrosia {unknown}
 g - a potion of cancellation {unknown}
 i - 2 potions of brilliance {unknown}
 j - 2 potions of degeneration {unknown}
 m - a potion of curing {unknown}
 p - a potion of attraction {unknown}
 s - a potion of invisibility {unknown}


   Skills:
 - Level 1.0 Fighting
 - Level 1.0 Armour
 + Level 2.6 Dodging
 + Level 2.6 Stealth
 * Level 5.6 Spellcasting
 + Level 2.1 Conjurations
 - Level 1.1 Summonings
 - Level 1.1 Translocations


You had 6 spell levels left.
You knew the following spells:

 Your Spells              Type           Power      Damage    Failure   Level
a - Magic Dart            Conj           56%        1d5       6%          1
b - Mephitic Cloud        Conj/Pois/Air  8%         N/A       32%         3
c - Call Imp              Summ           10%        N/A       14%         2
d - Blink                 Tloc           20%        N/A       14%         2

Your spell library contained the following spells:

 Spells                   Type           Power      Damage    Failure   Level
 Necrotise                Necr           20%        1d5       16%         1
 Slow                     Hex            20%        N/A       16%         1
 Cigotuvi's Dreadful Rot  Necr/Pois/Air  10%        N/A       22%         2
 Vampiric Draining        Necr           5%         2d6       41%         3
 Agony                    Necr           5%         N/A       99%         5


Dungeon Overview and Level Annotations

Branches:
Dungeon (4/15)
 Temple: D:4-7

Altars:

Annotations:
D:3 Grinder


Message History

Grinder shouts!
Casting: Magic Dart (safe; 6% risk of failure)
Confirm with . or Enter, or press ? or * to list all spells.
Aiming: Magic Dart (safe; 6% risk of failure)
Press: ? - help, Shift-Dir - straight line, f/p - Grinder
Aim: Grinder (lightly wounded, 100% to hit)
The magic dart hits Grinder.
Grinder is lightly wounded.
Grinder gestures at you. Pain shoots through your body!
You aren't carrying any items that you can evoke.
Casting: Magic Dart (safe; 6% risk of failure)
Confirm with . or Enter, or press ? or * to list all spells.
Aiming: Magic Dart (safe; 6% risk of failure)
Press: ? - help, Shift-Dir - straight line, f/p - Grinder
Aim: Grinder (lightly wounded, 100% to hit)
The magic dart hits Grinder.
Grinder is moderately wounded.
Unknown command.
Casting: Magic Dart (safe; 6% risk of failure)
Confirm with . or Enter, or press ? or * to list all spells.
A beastly little devil appears in a puff of frigid air.
Grinder gestures at you. Pain shoots through your body!
* * * LOW HITPOINT WARNING * * *
Casting: Call Imp (safe; 14% risk of failure)
Confirm with . or Enter, or press ? or * to list all spells.
Aiming: Magic Dart (safe; 6% risk of failure)
Press: ? - help, Shift-Dir - straight line, f/p - Grinder
Aim: Grinder (moderately wounded, ally target, 100% to hit)
The magic dart hits Grinder.
Grinder is moderately wounded.
Your white imp hits Grinder.
Your white imp freezes Grinder.
Grinder resists.
Unknown command.
Grinder gestures at you.
You suddenly lose the ability to move!
Your white imp closely misses Grinder.
Grinder says, "What is the universe for?"
Grinder gestures at you. Pain shoots through your body!
You die...

#.#######.# #.######## #.# #.#
#.#.....#. ####.# #####.#
#.#.###.#. .....# #.....# #.#.#
#.#. .....# #.....# #.#.###.#5
.....###.....# #.#.#...#5
.....#.......###########.#.#5§...
...................5........>###.
...)............@...5..#.#.#.# ..
....................[..#.#.#.# #.
......................[..#.#.# ..
.......................#.#...# ##
#......................#.###5####
#......................#.#<...§..
#......................#.........
#.)........................######
#.......................#### #


You could see Grinder (ally target) and a friendly white imp (summoned).

Vanquished Creatures
  3 adders
  2 dart slugs
  An orc (D:3)
  4 ball pythons
  3 bats
  3 endoplasms
  3 giant cockroaches
  5 goblins
  5 hobgoblins
  A jackal (D:2)
  2 quokkas
  3 frilled lizards
  6 kobolds
  7 rats
48 creatures vanquished.

Vanquished Creatures (others)
  5 toadstools (D:1)
5 creatures vanquished.

Grand Total: 53 creatures vanquished

Notes
Turn   | Place    | Note
-------+----------+-------------------------------------------
     0 | D:1      | pokeman the Deep Elf Hedge Wizard began the quest for the
                  | Orb.
     0 | D:1      | Reached XP level 1. HP: 10/10 MP: 7/7
   500 | D:1      | Reached XP level 2. HP: 16/16 MP: 3/9
  1187 | D:2      | Reached skill level 5 in Spellcasting
  1345 | D:2      | Reached XP level 3. HP: 20/20 MP: 4/11
  1385 | D:1      | Learned a level 3 spell: Mephitic Cloud
  1388 | D:1      | Learned a level 2 spell: Call Imp
  1391 | D:1      | Learned a level 2 spell: Blink
  1628 | D:2      | Reached skill level 1 in Fighting
  1628 | D:2      | Reached skill level 1 in Armour
  1984 | D:3      | Reached XP level 4. HP: 25/25 MP: 10/13
  2199 | D:3      | You fall into a shaft and drop 1 floor!
  2205 | D:4      | Noticed Grinder
  2220 | D:4      | Paralysed by Grinder for 3 turns
  2263 | D:3      | Paralysed by Grinder for 2 turns
  2374 | D:3      | Paralysed by Grinder for 3 turns
  2391 | D:3      | HP: 1/25 [Grinder/nerve-wracking pain (9)]
  2867 | D:3      | Paralysed by Grinder for 5 turns
  2868 | D:3      | Killed from afar by Grinder

Illustrated notes

Levels and vault maps discovered:
D:1:      amcnicky_arrival_blooded_trapdoor, layout_loops_ring,
          minmay_gold_behind_fungi
D:2:      layout_basic, minmay_indecisive_spiral
D:3:      layout_basic, nicolae_kite_square_tiling_tiny, wad_floor_pattern_2,
          minmay_misc_feat_x, kennysheep_generic_room_6
D:4:      nicolae_BIG_FREAKIN_CUBE, layout_cave_pools, minivault_27,
          kennysheep_pointless_box, minivault_23, uniq_grinder

Skill      XL: |  1  2  3 |
---------------+----------+-----
Spellcasting   | 5 |  5.6
Fighting       | 1 |  1.0
Armour         | 1 |  1.0
Conjurations   | 2 |  2.1
Dodging        | |  2.6
Stealth        | |  2.6
Summonings     | |  1.1
Translocations | |  1.1

Action                   |  1- 3 |  4- 6 || total
-------------------------+-------+-------++-------
 Fire: Sling             |    30 |     4 ||    34
 Cast: Magic Dart        |    82 |    30 ||   112
       Call Imp          |       |     7 ||     7
       Blink             |       |     3 ||     3
Armor: Leather armour    |     4 |       ||     4
Dodge: Dodged            |    18 |     5 ||    23

Table legend: (Time is in decaauts)
 A = Elapsed time spent in this place.
 B = Non-inter-level travel time spent in this place.
 C = Inter-level travel time spent in this place.
 D = Time resting spent in this place.
 E = Time spent auto-exploring this place.
 F = Levels seen in this place.
 G = Mean time per level.
                   A        B        C        D        E       F      G
               +--------+--------+--------+--------+--------+-----+--------+
         Total |   2884 |   2721 |    163 |    132 |   2158 |   4 |  721.0 |
       Dungeon |   2884 |   2721 |    163 |    132 |   2158 |   4 |  721.0 |
               +--------+--------+--------+--------+--------+-----+--------+

Top non-repeatable levels by time:
     D:1: 1163 daAuts
     D:2: 884 daAuts
     D:3: 812 daAuts
     D:4: 24 daAuts
